 Dungeon Crawl Stone Soup version 0.30-b1-2-g02819fbbbe (webtiles) character file.

Game seed: 7579698647146736881

17563 Flugkiller the Transmogrifier (level 12, -5/88 HPs)
             Began as a Barachi Enchanter on May 19, 2023.
             Was an Elder of Uskayaw.
             Slain by a naga
             ... wielding a +0 trident
              (19 damage)
             ... on level 2 of the Lair of Beasts.
             The game lasted 00:25:17 (10558 turns).

Flugkiller the Transmogrifier (Barachi Enchanter)  Turns: 10558, Time: 00:25:18

Health: -5/88      AC: 12    Str:  9    XL:     12   Next: 49%
Magic:  11/20      EV: 16    Int: 18    God:    Uskayaw [****..]
Gold:   557        SH:  0    Dex: 22    Spells: 3/21 levels left

rFire   x . .        p - +3 dagger (venom)
rCold   + . .        (no shield)
rNeg    . . .        G - +0 steam dragon scales
rPois   .            m - +0 helmet
rElec   +            x - +0 cloak
rCorr   .            F - +1 pair of gloves of the Morning {+Blink rElec Regen+}
SInv    .            L - +2 pair of boots
Will    .....        B - amulet of magic regeneration
Stlth   ++++         Q - +6 ring of dexterity
HPRegen 1.14/turn    d - ring of ice
MPRegen 0.57/turn

%: no passive effects
@: slightly contaminated, slow
A: amphibious, slowness 1, strong legs 1, +LOS
a: Hop, Renounce Religion, Evoke Blink, Stomp, Line Pass


You were on level 2 of the Lair of Beasts.
You worshipped Uskayaw.
Uskayaw was noncommittal.
You visited 3 branches of the dungeon, and saw 15 of its levels.
You also visited: Ice Cave.

You collected 919 gold pieces.
You spent 362 gold pieces at shops.

Inventory:

Hand Weapons
 p - a +3 dagger of venom (weapon)
   (You took it off a goblin on level 3 of the Dungeon)
 N - a +4 scimitar of flaming
   (You took it off Erica on level 10 of the Dungeon)
Missiles
 S - 3 throwing nets
Armour
 m - a +0 helmet (worn)
   (You took it off Robin on level 2 of the Dungeon)
 x - a +0 cloak (worn)
   (You took it off Crazy Yiuf on level 5 of the Dungeon)
 F - the +1 pair of gloves of the Morning (worn) {+Blink rElec Regen+}
   (You bought it in a shop on level 8 of the Dungeon)

   rElec:     It insulates you from electricity.
   +Blink:    It lets you blink.
   Regen:     It increases your rate of health regeneration.
 G - +0 steam dragon scales (worn)
   (You found it on level 7 of the Dungeon)
 I - a +2 robe of willpower
   (You took it off an orc wizard on level 9 of the Dungeon)
 L - a +2 pair of boots (worn)
   (You found it on level 11 of the Dungeon)
 O - a +2 leather armour of resistance
   (You found it in an ice cave)
Jewellery
 d - a ring of ice (right hand)
   (You found it on level 2 of the Dungeon)
 s - a ring of wizardry
   (You found it on level 4 of the Dungeon)
 B - an amulet of magic regeneration (around neck)
   (You found it on level 6 of the Dungeon)
 Q - a +6 ring of dexterity (left hand)
   (You found it on level 1 of the Lair of Beasts)
Wands
 b - a wand of quicksilver (11)
   (You found it on level 8 of the Dungeon)
 k - a wand of charming (13)
   (You found it on level 6 of the Dungeon)
 J - a wand of flame (19)
   (You found it on level 10 of the Dungeon)
 P - a wand of mindburst (8)
   (You took it off Erolcha on level 12 of the Dungeon)
Scrolls
 e - 3 scrolls of enchant weapon
 f - 2 scrolls of brand weapon
 i - a scroll of vulnerability
 j - a scroll of silence
 t - 2 scrolls of teleportation
 u - a scroll of magic mapping
 v - 2 scrolls of fog
 y - a scroll of amnesia
 z - 2 scrolls of blinking
 A - a scroll of poison
 H - a scroll of enchant armour
 K - 2 scrolls of butterflies
 M - a scroll of immolation {unknown}
 R - a scroll of fear
 T - a scroll of torment {unknown}
Potions
 a - 2 potions of magic
 c - 4 potions of invisibility
 g - 4 potions of flight
 h - 2 potions of haste
 l - a potion of resistance {unknown}
 n - 2 potions of might {unknown}
 o - a potion of attraction
 q - a potion of curing
 w - a potion of heal wounds
 C - 2 potions of degeneration {unknown}
 D - 3 potions of lignification
 E - 3 potions of mutation {unknown}


   Skills:
 - Level 6.1 Fighting
 - Level 6.0 Short Blades
 - Level 6.0 Dodging
 - Level 7.0 Stealth
 + Level 5.3 Spellcasting
 - Level 10.0 Conjurations
 - Level 7.0 Hexes
 - Level 11.4 Transmutations
 + Level 2.1 Ice Magic
 + Level 1.5 Air Magic
 - Level 5.0 Invocations


You had 3 spell levels left.
You knew the following spells:

 Your Spells              Type           Power      Damage    Failure   Level
a - Ensorcelled Hibernat  Hex/Ice        62%        N/A       3%          2
b - Confusing Touch       Hex            30%        N/A       2%          3
c - Tukima's Dance        Hex            30%        N/A       2%          3
d - Freezing Cloud        Conj/Ice/Air   15%        6-21      47%         5
i - Irradiate             Conj/Tmut      21%        3d18      4%          5

Your spell library contained the following spells:

 Spells                   Type           Power      Damage    Failure   Level
 Dazzling Flash           Conj/Hex       70%        N/A       1%          3
 Ignite Poison            Fire/Tmut/Pois 18%        N/A       8%          3
 Portal Projectile        Hex/Tloc       34%        N/A       9%          3
 Apportation              Tloc           8%         N/A       13%         1
 Cigotuvi's Dreadful Rot  Necr/Pois/Air  12%        N/A       16%         2
 Call Canine Familiar     Summ           4%         N/A       36%         3
 Blade Hands              Tmut           23%        N/A       3%          5
 Anguish                  Hex/Necr       8%         N/A       30%         4
 Leda's Liquefaction      Hex/Erth       8%         N/A       30%         4
 Alistair's Intoxication  Tmut/Pois      16%        N/A       32%         5
 Dragon Form              Tmut           23%        N/A       67%         7
 Enfeeble                 Hex            15%        N/A       99%         7


Dungeon Overview and Level Annotations

Branches:
Dungeon (12/15) Zot: 26121  Temple (1/1) D:7 Zot: 5702    Lair (2/5) D:8 Zot: 11197
  Snake (0/4) Lair:2          Orc (0/2) D:9           IceCv (visited)
  Swamp: Lair:2-3    Shoals: Lair:2-3

Altars:
Ashenzari
Cheibriados
Dithmenos
Elyvilon
Fedhas
Gozag
Hepliaklqana
Kikubaaqudgha
Makhleb
Nemelex Xobeh
Okawaru
Qazlal
Ru
Sif Muna
Trog
Uskayaw
Vehumet
Wu Jian
Xom
Yredelemnul
Zin
The Shining One

Shops:
D:8 [   D:10 *   D:12 *

Annotations:
D:7 1 runed translucent door, Raspi's ghost, novice GrBr
D:10 3 runed translucent doors, Chingon's ghost, journeyman MiFi
Lair:1 exclusion: 3 oklob plants


Innate Abilities, Weirdness & Mutations

You are amphibious.
You cover ground slowly.
You can hop short distances.
You have an extended range of vision and can be seen from far away.


Message History

You feel sick.
Casting: Ensorcelled Hibernation (safe; 3% risk of failure)
Confirm with . or Enter, or press ? or * to list all spells.
Your hands begin to glow red.
You feel sick.
You feel sick.
You feel sick.
You are no longer poisoned.
The naga hits you with a +0 flail! The naga closely misses you.
You hit the naga but do no damage. The naga completely misses you.
The naga grabs you. The naga constricts you.
You hit the naga but do no damage. The naga misses you.
The naga closely misses you. The naga spits poison at you.
The splash of poison hits you but does no damage.
You are poisoned.
The naga constricts you.
You hit the naga but do no damage.
You feel sick. The naga closely misses you.
The naga hits you with a +0 scimitar!!
You escape the naga's grasp.
You feel sick.
You feel sick.
You feel sick.
You feel sick.
Your hands stop glowing.
You feel sick.
You are no longer poisoned.
The naga spits poison at you. The splash of poison hits you.
You are poisoned.
The naga spits poison at you. The splash of poison misses you.
You feel sick.
A yak comes into view.
You feel sick.
The yak moves out of view.
A yak comes into view.
You feel sick.
You feel sick.
A yak comes into view.
You feel sick.
You are no longer poisoned.
The yak bellows! x2
A yak comes into view.
You hear an angry hiss.
The yak bellows!
A black mamba comes into view.
The naga spits poison at you. The splash of poison misses you.
Okay, then.
Unknown command.
Unknown command.
You hit the yak.
The yak is poisoned.
The yak is lightly wounded.
Casting: Confusing Touch (mildly dangerous; 2% risk of failure)
Confirm with . or Enter, or press ? or * to list all spells.
You erupt in a fountain of uncontrolled magic!
The yak is blasted with magical radiation!!
The yak is almost dead.
The naga is blasted with magical radiation!!
You kill the naga!
You are very lightly contaminated with residual magic.
The yak closely misses you. The naga spits poison at you.
The splash of poison hits you!
You are poisoned.
You can now pass through a line of other dancers.
Casting: Irradiate (dangerous; 4% risk of failure)
Confirm with . or Enter, or press ? or * to list all spells.
You erupt in a fountain of uncontrolled magic!
The yak is blasted with magical radiation!
You kill the yak!
The black mamba is blasted with magical radiation!!!
The black mamba is almost dead.
You are lightly contaminated with residual magic.
You feel sick. The black mamba bites you!
* * * LOW HITPOINT WARNING * * *
The black mamba closely misses you.
Uskayaw will force your foes to helplessly watch your dance.
Uskayaw prepares the audience for your solo!
Your Air Magic skill increases to level 1!
Unknown command.
The helpless black mamba fails to defend itself.
You spit the black mamba like a pig!!!
You kill the black mamba!
You feel sick.
Your Ice Magic skill increases to level 2!
The helpless yak fails to defend itself.
You spit the yak like a pig!!!
You kill the yak!
The naga is no longer paralysed. x2; The yak is no longer paralysed. x2
You hit the yak.
The yak is poisoned.
The yak is lightly wounded.
You feel sick.
The naga hits you from afar with a +0 trident!
* * * LOW HITPOINT WARNING * * *
Uskayaw will force your foes to share their pain.
Uskayaw links your audience in an emotional bond!
Unknown command.
You feel better. The yak gores you!
* * * LOW HITPOINT WARNING * * *
The naga hits you from afar with a +0 trident!!
You die...

##...## #....#
##..P## ##...#
#....# #..## #...##
##...# #..## #.N.##
#.# ##..# #....# #.#
#...## ##.NP# ..#
##..P# ###N.## ..#
##..## #@)...# ##.#
#....# ##YY.## ..#
##..P# ##...# ##.#
#....# ...## #..##
##..## ##..# #.<.#
####..# #Y..
##.####P.#..# #..##
#..........# .Y..
#...................


You could see 2 yaks and 2 nagas.

Vanquished Creatures
  Jorgrun (D:12)
  Erolcha (D:12)
  Harold (Lair:1)
  2 two-headed ogres (D:9)
  Erica (D:10)
  A boulder beetle (D:11)
  A deep elf pyromancer (D:12)
  A black mamba (Lair:2)
  A gargoyle (D:12)
  A cane toad (Lair:1)
  A freezing wraith (IceCv)
  A rime drake (D:8)
  A kobold demonologist (D:12)
  3 komodo dragons
  2 hornets
  2 wyverns
  3 wraiths (D:10)
  20 yaks
  3 shadows (D:11)
  A fire elemental (D:12)
  A basilisk (Lair:1)
  2 death yak simulacra (IceCv)
  3 vampire mosquitoes (D:12)
  A naga (Lair:2)
  4 steam dragons
  8 water moccasins
  A hell hound (D:12)
  A floating eye (Lair:1)
  2 orc warriors
  A sky beast (D:7)
  An ice beast (D:7)
  2 black bears
  5 centaurs
  2 kobold brigands
  Blork the orc (D:7)
  4 bullfrogs
  2 scorpions
  6 killer bees (D:11)
  An electric eel (D:7)
  4 howler monkeys
  2 hounds
  3 jellies
  Crazy Yiuf (D:5)
  2 gnoll boudas
  3 iguanas
  2 sleepcaps
  11 orc wizards
  A polar bear simulacrum (IceCv)
  2 wolf simulacra (IceCv)
  Robin (D:2)
  9 gnolls
  4 adders
  3 shadow imps
  13 white imps
  A dart slug (D:2)
  21 orcs
  4 endoplasms
  2 giant cockroaches
  13 goblins
  7 hobgoblins
  3 jackals (D:5)
  3 quokkas
  6 ball pythons
  5 bats
  2 goblin zombies (D:6)
  2 hobgoblin zombies (D:6)
  11 kobolds
  5 kobold skeletons (D:6)
  A kobold zombie (D:6)
  14 rats
257 creatures vanquished.

Vanquished Creatures (others)
  An orc (D:10)
  4 fungi
  21 plants
  4 toadstools (D:2)
30 creatures vanquished.

Grand Total: 287 creatures vanquished

Notes
Turn   | Place    | Note
-------+----------+-------------------------------------------
     0 | D:1      | Flugkiller the Barachi Enchanter began the quest for the
                  | Orb.
     0 | D:1      | Reached XP level 1. HP: 13/13 MP: 3/3
   195 | D:1      | Reached XP level 2. HP: 20/20 MP: 5/5
   768 | D:1      | Reached skill level 1 in Fighting
   832 | D:2      | Learned a level 2 spell: Ensorcelled Hibernation
   873 | D:2      | Noticed Robin
   905 | D:2      | Reached XP level 3. HP: 20/26 MP: 1/6
  1392 | D:2      | Found a stormy altar of Qazlal.
  1530 | D:2      | Killed Robin
  1635 | D:2      | Reached XP level 4. HP: 33/33 MP: 8/8
  1805 | D:3      | Found a shimmering blue altar of Sif Muna.
  1845 | D:3      | Learned a level 3 spell: Confusing Touch
  1849 | D:3      | Learned a level 3 spell: Tukima's Dance
  2558 | D:4      | Reached XP level 5. HP: 38/38 MP: 9/9
  2708 | D:4      | Found an iron altar of Okawaru.
  2985 | D:4      | Reached skill level 5 in Hexes
  2985 | D:4      | Reached XP level 6. HP: 39/44 MP: 10/10
  3310 | D:5      | Entered Level 5 of the Dungeon
  3390 | D:5      | Found a runed translucent door.
  3391 | D:5      | Noticed Crazy Yiuf
  3515 | D:5      | Killed Crazy Yiuf
  3573 | D:5      | Noticed a steam dragon
  3579 | D:5      | Killed a steam dragon
  3700 | D:5      | Noticed a water moccasin
  3708 | D:5      | Killed a water moccasin
  3709 | D:5      | Reached skill level 5 in Stealth
  3709 | D:5      | Reached XP level 7. HP: 50/51 MP: 11/11
  3753 | D:5      | Found a radiant altar of Vehumet.
  4401 | D:6      | Noticed Blork the orc
  4418 | D:6      | Noticed a wyvern
  4424 | D:6      | Killed a wyvern
  4425 | D:6      | Reached XP level 8. HP: 60/60 MP: 12/12
  4437 | D:6      | Reached skill level 1 in Ice Magic
  4773 | D:6      | Noticed a hornet
  4777 | D:6      | Paralysed by a hornet for 3 turns
  4778 | D:6      | Killed a hornet
  4906 | D:6      | Found a glowing golden altar of the Shining One.
  5075 | D:7      | Found a runed translucent gate.
  5075 | D:7      | Found a runed translucent gate.
  5075 | D:7      | You fall into a shaft and drop 3 floors!
  5075 | D:10     | Entered Level 10 of the Dungeon
  5199 | D:9      | Found a glowing silver altar of Zin.
  5224 | D:9      | Reached skill level 5 in Short Blades
  5224 | D:9      | Reached XP level 9. HP: 65/65 MP: 13/13
  5236 | D:8      | Found an ornate altar of the Wu Jian Council.
  5245 | D:7      | Found a staircase to the Ecumenical Temple.
  5258 | Temple   | Entered the Ecumenical Temple
  5483 | Temple   | Became a worshipper of Uskayaw the Reveller
  5640 | D:7      | Reached * piety under Uskayaw
  5761 | D:7      | Killed Blork the orc
  5770 | D:7      | Reached ** piety under Uskayaw
  5842 | D:7      | Reached skill level 1 in Invocations
  5865 | D:7      | Noticed Raspi's ghost (novice GrBr)
  5867 | D:7      | Noticed a kobold demonologist
  5867 | D:7      | Found a runed translucent gate.
  6226 | D:7      | Reached skill level 5 in Dodging
  6437 | D:8      | Found Eleofouplucs's Armour Shop.
  6494 | D:8      | Found a stormy altar of Qazlal.
  6504 | D:8      | Bought the +1 pair of gloves of the Morning {+Blink rElec
                  | Regen+} for 335 gold pieces
  6532 | D:8      | Reached skill level 5 in Fighting
  6597 | D:8      | Reached *** piety under Uskayaw
  6979 | D:8      | Found a staircase to the Lair.
  7030 | D:9      | Noticed a two-headed ogre
  7043 | D:9      | Noticed a two-headed ogre
  7051 | D:9      | Killed a two-headed ogre
  7052 | D:9      | Reached skill level 5 in Invocations
  7052 | D:9      | Reached XP level 10. HP: 30/76 MP: 16/16
  7217 | D:9      | Reached skill level 1 in Conjurations
  7263 | D:9      | Found a staircase to the Orcish Mines.
  7271 | D:9      | Reached skill level 1 in Transmutations
  7318 | D:9      | Killed a two-headed ogre
  7319 | D:9      | Reached skill level 2 in Transmutations
  7542 | D:9      | Found an opulent altar of Gozag.
  7678 | D:10     | Found a runed translucent gate.
  7709 | D:10     | Reached skill level 5 in Spellcasting
  7709 | D:10     | Reached skill level 3 in Transmutations
  7716 | D:10     | Noticed Erica
  7850 | D:10     | Killed Erica
  7851 | D:10     | Reached skill level 4 in Transmutations
  7862 | D:10     | Found Moniwk's Assorted Antiques.
  7876 | D:10     | Bought a scroll labelled QADEUT QIRAB for 27 gold pieces
  8012 | D:10     | Reached skill level 5 in Conjurations
  8012 | D:10     | Reached skill level 5 in Transmutations
  8020 | D:10     | Reached **** piety under Uskayaw
  8069 | D:10     | Found a runed translucent gate.
  8069 | D:10     | Found a runed translucent gate.
  8122 | D:10     | Noticed Chingon's ghost (journeyman MiFi)
  8150 | D:10     | Reached XP level 11. HP: 77/81 MP: 18/18
  8161 | D:10     | Reached skill level 6 in Transmutations
  8213 | D:10     | Learned a level 5 spell: Irradiate
  8417 | D:11     | Reached skill level 7 in Transmutations
  8429 | D:11     | Noticed a boulder beetle
  8439 | D:11     | Killed a boulder beetle
  8983 | D:12     | Found Iblinuin's Assorted Antiques.
  9007 | D:12     | Noticed a deep elf pyromancer
  9011 | D:12     | Killed a deep elf pyromancer
  9095 | D:12     | Found a frozen archway.
  9128 | D:12     | Noticed Erolcha
  9147 | D:12     | Killed Erolcha
  9148 | D:12     | Reached skill level 8 in Transmutations
  9236 | IceCv    | Entered an ice cave
  9238 | IceCv    | Found a transporter.
  9283 | IceCv    | Noticed a white ugly thing
  9285 | IceCv    | Found a transporter.
  9478 | D:12     | Noticed Jorgrun
  9486 | D:12     | Killed Jorgrun
  9487 | D:12     | Reached skill level 9 in Transmutations
  9525 | D:12     | Reached XP level 12. HP: 27/88 MP: 12/19
  9677 | Lair:1   | Entered Level 1 of the Lair of Beasts
  9776 | Lair:1   | Reached skill level 10 in Conjurations
  9776 | Lair:1   | Reached skill level 10 in Transmutations
  9776 | Lair:1   | Noticed Harold
  9937 | Lair:1   | Paralysed by a floating eye for 4 turns
 10023 | Lair:1   | Killed Harold
 10103 | Lair:1   | Reached skill level 11 in Transmutations
 10150 | Lair:1   | Paralysed by a floating eye for 4 turns
 10476 | Lair:2   | Learned a level 5 spell: Freezing Cloud
 10517 | Lair:2   | Found a staircase to the Snake Pit.
 10555 | Lair:2   | Reached skill level 1 in Air Magic
 10558 | Lair:2   | Slain by a naga

Illustrated notes

Levels and vault maps discovered:
D:1:      dpeg_arrival_concentric_ovals, layout_basic, minmay_tiny_reverse_x
D:2:      layout_rooms, basic_altar, serial_rivers,
          chequers_serial_rivers_small_b, chequers_serial_rivers_large_a,
          chequers_serial_rivers_room_a, chequers_serial_rivers_large_b,
          chequers_serial_rivers_small_a, chequers_serial_rivers_small_3,
          minmay_gold_behind_fungi, minmay_rat_gold_closets, uniq_robin
D:3:      layout_loops_ring, led_sif_pool, hangedman_decor_growths
D:4:      layout_basic, kennysheep_okawaru_gauntlet
D:5:      layout_basic, vehumet_crystals, kennysheep_generic_room_14,
          uniq_crazy_yiuf_cottage
D:6:      layout_rooms, nicolae_tso_besieged_by_evil, uniq_blork_the_orc
D:7:      layout_basic, minmay_temple_entry_crystal_x,
          gammafunk_ghost_nasty_kobolds, serial_bayou_lagoon_a
D:8:      nicolae_whirlpool, layout_cave_pools, amcnicky_altar_gilded,
          nzn_wu_jian_council_hall, lair_entry_dummy, serial_shops,
          nicolae_diamond_shop
D:9:      layout_gridville, pf_just_have_faith, kennysheep_little_box,
          orc_0_dummy
D:10:     layout_cross, gammafunk_ghost_icy, serial_shops, shop, uniq_erica
D:11:     layout_gridville
D:12:     layout_loops_ring, portal_ice_cave_entry_imps, serial_shops, shop,
          uniq_erolcha, uniq_azrael, uniq_jorgrun
Temple:   minmay_temple_curvy_branch
Lair:1:   layout_cave_shapes, disabler_island, serial_bayou_shore_b, uniq_harold
Lair:2:   layout_long_grid, minmay_snake_entry_guardpost_small,
          serial_bayou_shore_a

Skill      XL: |  1  2  3  4  5  6  7  8  9 10 11 12 |
---------------+-------------------------------------+-----
Fighting       | 1 2 4 6 |  6.1
Stealth        | 3 4 5 7 |  7.0
Short Blades   | 2 4 5 6 |  6.0
Hexes          | 4 5 7 |  7.0
Spellcasting   | 3 4 5 |  5.3
Ice Magic      | 1 2 |  2.1
Dodging        | 4 6 |  6.0
Invocations    | 5 |  5.0
Conjurations   | 5 9 10 | 10.0
Transmutations | 5 9 11 | 11.4
Air Magic      | 1 |  1.5

Action                     |  1- 3 |  4- 6 |  7- 9 | 10-12 || total
---------------------------+-------+-------+-------+-------++-------
  Melee: Dagger            |   170 |   103 |   221 |   338 ||   832
         Punch             |     2 |     3 |       |     7 ||    12
   Cast: Ensorcelled Hiber |    10 |     9 |    62 |    86 ||   167
         Confusing Touch   |       |       |     3 |    20 ||    23
         Irradiate         |       |       |       |    16 ||    16
 Invoke: Stomp             |       |       |       |     3 ||     3
  Evoke: Wand              |       |       |     1 |     6 ||     7
    Use: Scroll            |     7 |     3 |     5 |    12 ||    27
         Potion            |       |     1 |       |     9 ||    10
   Stab: Sleeping          |     9 |    10 |    38 |    44 ||   101
         Confused          |       |       |     2 |    14 ||    16
         Paralysed         |       |       |       |     8 ||     8
 Armour: Robe              |    48 |    14 |    23 |       ||    85
         Steam dragon scal |       |       |    35 |   139 ||   174
  Dodge: Dodged            |   142 |    41 |   164 |   243 ||   590
